Map: King's Cove LE

Players

soul - Winner!

  • Race: Terran Terran
  • League: Grandmaster
  • Spawn Location: 5:00

Kas

  • Race: Terran Terran
  • League: Master
  • Spawn Location: 11:00

Event: HomeStory Cup XIX

VOD

Have the link to the VOD?

Description

Time

  • Played on: June 28, 2019, 11:58 a.m.
  • Length: 7:54

All games in this series

Show
View Real Time Build Order
Export as new Build Order

soul Terran - Winner!

Build Orders: Gas First Reaper Expand 

Get SALT Encoding   

  12  0:00  SCV  
  13  0:12  SCV  
  14  0:17  Supply Depot  
  14  0:25  SCV  
  15  0:29  Refinery  
  15  0:39  SCV  
  16  0:45  Barracks  
  16  0:51  SCV  
  17  1:03  SCV  
  18  1:15  SCV  
  19  1:32  Orbital Command, Reaper  
  20  1:44  Command Center  
  20  1:55  Factory  
  20  1:58  SCV  
  21  2:06  Supply Depot  
  21  2:08  Barracks Reactor  
  21  2:12  SCV  
  22  2:16  Refinery  
  22  2:24  SCV  
  23  2:36  SCV  
  24  2:40  Hellion  
  26  2:44  Marine x2, Starport  
  26  2:50  SCV  
  29  2:56  Orbital Command  
  29  3:02  SCV  
  29  3:03  Factory Tech Lab  
  29  3:04  Marine  
  31  3:06  Marine  
  32  3:14  SCV  
  32  3:15  Refinery  
  33  3:20  Starport Tech Lab  
  33  3:24  Cyclone  
  36  3:27  SCV  
  36  3:30  SCV  
  36  3:32  Marine  
  39  3:35  Marine  
  39  3:39  SCV  
  41  3:42  SCV  
  41  3:46  Raven, Supply Depot  
  44  3:51  SCV  
  44  3:55  SCV  
  46  3:58  Supply Depot  
  46  4:08  Siege Tank, Marine, SCV x2  
  52  4:10  Marine  
  53  4:20  SCV x2, Supply Depot  
  55  4:25  Supply Depot  
  55  4:29  Raven  
  57  4:32  Marine x2, SCV x2  
  61  4:44  SCV x2  
  63  4:46  Siege Tank  
  63  4:49  Marine  
  65  4:56  SCV x2  
  64  5:08  SCV x2  
  64  5:09  Liberator x2  
  64  5:10  Command Center  
  66  5:20  SCV x2  
  68  5:23  Refinery  
  74  5:28  Marine  
  74  5:32  SCV x2  
  76  5:44  Barracks, Stimpack, SCV  
  76  5:45  Barracks  
  76  5:46  Marine  
  76  5:49  Engineering Bay  
  78  5:50  Engineering Bay  
  78  6:06  Supply Depot  
  78  6:07  Supply Depot  
  78  6:21  Viking, Marine  
  78  6:22  Siege Tank, SCV x2  
  86  6:28  Supply Depot  
  86  6:29  Orbital Command  
  86  6:30  Supply Depot  
  86  6:32  Barracks Reactor  
  86  6:34  SCV  
  86  6:35  Barracks Reactor  
  86  6:37  Sensor Tower  
  86  6:39  SCV  
  88  6:42  Marine  
  88  6:46  SCV  
  90  6:52  SCV  
  91  7:00  Marine  
  92  7:02  Bunker  
  92  7:03  SCV, Sensor Tower  
  92  7:06  SCV  
  93  7:08  Barracks, Marine  
  93  7:09  Barracks  
  93  7:11  Marine x3  
  93  7:15  SCV  
  98  7:17  Orbital Command  
  98  7:18  Marine  
  98  7:19  Viking  
  98  7:21  Viking  
  102  7:26  Marine  
  102  7:29  Marine  
  104  7:30  Marine  
  104  7:33  Marine  
  104  7:36  Marine  
  109  7:37  SCV  
Show
View Real Time Build Order
Export as new Build Order

Kas Terran 

Build Orders: Liberator Opening 

Get SALT Encoding   

  12  0:00  SCV  
  13  0:12  SCV  
  14  0:18  Supply Depot  
  14  0:24  SCV  
  15  0:29  Refinery  
  15  0:39  SCV  
  16  0:45  Barracks  
  16  0:51  SCV  
  16  0:56  Refinery  
  17  1:05  SCV  
  18  1:18  SCV  
  19  1:34  Orbital Command, Factory  
  19  1:37  Reaper  
  20  1:50  Supply Depot  
  20  1:59  SCV  
  21  2:09  Reaper  
  21  2:11  SCV  
  23  2:18  Hellion  
  25  2:23  SCV  
  26  2:30  Command Center  
  26  2:38  SCV  
  26  2:42  Starport  
  27  2:48  Supply Depot  
  27  2:49  Reaper  
  28  2:51  SCV  
  28  2:58  Hellion  
  31  3:01  Liberator  
  31  3:09  SCV  
  32  3:19  Factory Tech Lab  
  35  3:21  Barracks Reactor, SCV  
  36  3:33  SCV  
  37  3:43  Orbital Command  
  37  3:46  SCV  
  41  3:49  Siege Tank  
  41  3:51  Refinery  
  41  3:58  Marine x2, SCV  
  41  4:01  Starport Tech Lab  
  44  4:05  Supply Depot  
  44  4:10  SCV x2  
  48  4:22  SCV  
  48  4:23  Raven  
  49  4:25  SCV  
  49  4:29  Marine  
  51  4:34  SCV  
  51  4:35  Stimpack  
  51  4:37  Barracks x2  
  52  4:38  SCV  
  52  4:42  Factory Reactor  
  53  4:50  SCV  
  53  4:51  SCV  
  55  4:55  Marine, Supply Depot  
  55  4:58  Engineering Bay  
  56  5:04  SCV  
  54  5:07  Supply Depot  
  54  5:10  SCV  
  54  5:12  Marine  
  56  5:16  Starport Reactor  
  56  5:23  SCV  
  56  5:25  Marine x2  
  56  5:27  SCV, Terran Infantry Weapons Level 1  
  60  5:30  Refinery  
  60  5:32  Marine x2  
  60  5:33  Siege Tank  
  60  5:34  Marine  
  66  5:37  SCV  
  67  5:42  Marine x2, SCV  
  67  5:49  Marine  
  69  5:50  Marine  
  69  5:55  Marine  
  69  5:56  Medivac x2  
  76  6:00  Marine x2  
  78  6:07  Supply Depot  
  78  6:09  Supply Depot  
  78  6:11  Supply Depot  
  78  6:16  Siege Tank, Marine x3  
  78  6:17  SCV x2  
  86  6:28  Marine x2, Medivac x2  
  86  6:29  SCV  
  93  6:34  Marine x3  
  93  6:35  SCV  
  97  6:41  SCV  
  97  6:45  Command Center  
  97  6:46  Marine x2  
  100  6:53  Marine x2  
  102  6:54  Siege Tank  
  102  6:55  SCV  
  102  6:59  Supply Depot  
  106  7:10  Barracks x2, SCV x2  
  108  7:15  Marine  
  108  7:17  Supply Depot  
  108  7:21  Marine  
  108  7:22  SCV  
Tags
 
Add a new tag
Caveats
  • Supply blocks, unpowered buildings, or Contaminate may cause inaccurate times.
  • Supply counts are checked every 10 seconds.